 Dungeon Crawl Stone Soup version 0.32-a0-876-gcfddb08e57 (webtiles) character file.

Game seed: 6176618293300848883

85806 0gre the Thaumaturge (level 15, -11/117 HPs)
             Began as a Gnoll Ice Elementalist on Mar 29, 2024.
             Was an Initiate of Gozag.
             Killed from afar by a manticore (21 damage)
             ... with a volley of spikes
             ... summoned by Kirke
             ... on level 14 of the Dungeon on Mar 31, 2024.
             The game lasted 02:59:38 (19773 turns).

0gre the Thaumaturge (Gnoll Ice Elementalist)      Turns: 19773, Time: 02:59:40

Health: -11/117    AC:  0    Str:  7    XL:     15   Next: 85%
Magic:  26/30      EV: 21    Int: 17    God:    Gozag
Gold:   1748       SH:  0    Dex: 18    Spells: 24/37 levels left

rFire   . . .        a - melded +3 great sword (flame)
rCold   . . .        (shield currently unavailable)
rNeg    . . .        U - melded +5 robe of Night {Dark Will+ SInv}
rPois   .            C - melded +2 helmet {Int+3}
rElec   .            j - melded +1 cloak
rCorr   .            h - melded +2 pair of gloves
SInv    .            O - melded +1 pair of boots {Stlth+}
Will    +....        k - amulet of regeneration
Stlth   +++++        Z - melded ring "Oraocsib" {Int+3 Dex+3 SInv}
HPRegen 1.19/turn    P - melded ring of Elyvilon's Grace {rC+ rN+ Slay+4}
MPRegen 0.22/turn

%: no passive effects
@: pig-form, spiked, gold aura, slowed
A: fast, no casting, small, (fangs 1), strong nose, distributed training
a: Renounce Religion, Potion Petition, Call Merchant, Bribe Branch


You were on level 14 of the Dungeon.
You worshipped Gozag.
Gozag was most pleased with you.
You were a filthy swine.
You visited 4 branches of the dungeon, and saw 22 of its levels.

You collected 7835 gold pieces.
You spent 3962 gold pieces at shops.
You paid 2125 gold pieces to Gozag.

Inventory:

Hand Weapons
 a - a +3 great sword of flaming (melded)
 b - a +2 arbalest of freezing
 c - the +5 trident of Karma {speed, rCorr Stlth+}
   (You found it on level 11 of the Dungeon)

   rCorr:     It protects you from acid and corrosion.
   Stlth+:    It makes you more stealthy.
 d - a +0 great sword of protection
Missiles
 f - 32 boomerangs
 x - 14 poisoned darts
 E - 8 curare-tipped darts
 L - 5 javelins
 W - a throwing net (quivered)
Armour
 h - a +2 pair of gloves (melded)
 j - a +1 cloak (melded)
 B - a +1 robe of fire resistance
 C - a +2 helmet of intelligence (melded)
 O - a +1 pair of boots of stealth (melded)
 U - the +5 robe of Night (melded) {Dark Will+ SInv}
   (You found it on level 8 of the Dungeon)

   Dark:      It shrouds the wearer in darkness, reducing the range at which
   they can see and be seen by others.
   Will+:     It increases your willpower.
   SInv:      It lets you see invisible.
Jewellery
 k - an amulet of regeneration (around neck)
 p - a +6 ring of dexterity
 F - a ring of protection from fire
 P - a ring of Elyvilon's Grace (melded) {rC+ rN+ Slay+4}
   (You acquired it on level 4 of the Dungeon)

   [ring of slaying]

   Slay+4:    It affects your accuracy & damage with ranged weapons and melee
   (+4).
   rC+:       It protects you from cold.
   rN+:       It protects you from negative energy.
 Q - a ring of protection from fire
 S - a ring of poison resistance
 V - a ring of protection from cold
 Z - the ring "Oraocsib" (melded) {Int+3 Dex+3 SInv}
   (You bought it in a shop on level 2 of the Orcish Mines)

   [ring of see invisible]

   Int+3:     It affects your intelligence (+3).
   Dex+3:     It affects your dexterity (+3).
   SInv:      It lets you see invisible.
Wands
 g - a wand of polymorph (8)
 r - a wand of mindburst (9)
 D - a wand of paralysis (17)
 H - a wand of warping (4)
 M - a wand of flame (38)
 Y - a wand of digging (1)
Scrolls
 i - 3 scrolls of blinking
 n - 3 scrolls of poison
 s - a scroll of silence
 t - 3 scrolls of amnesia
 w - 2 scrolls of immolation
 y - 10 scrolls of teleportation
 z - 3 scrolls of fear
 N - 2 scrolls of summoning
 X - a scroll of fog
Potions
 e - 4 potions of curing
 m - 6 potions of magic
 o - 3 potions of mutation
 q - 2 potions of cancellation
 u - 3 potions of lignification
 v - 4 potions of haste
 A - a potion of heal wounds
 G - a potion of enlightenment
 J - a potion of resistance
 K - 2 potions of invisibility
 R - a potion of might
Miscellaneous
 l - a phantom mirror
 I - a Gell's gravitambourine (2/2)
 T - a tin of tremorstones (2/2)


   Skills:
 + Level 10.8 Fighting
 + Level 10.8 Short Blades
 + Level 10.8 Long Blades
 + Level 10.8 Axes
 + Level 10.8 Maces & Flails
 + Level 10.8 Polearms
 + Level 10.8 Staves
 + Level 10.8 Ranged Weapons
 + Level 10.8 Throwing
 + Level 10.8 Armour
 + Level 11.7 Dodging
 + Level 11.5 Stealth
 + Level 10.8 Shields
 + Level 10.8 Unarmed Combat
 + Level 11.8 Spellcasting
 + Level 9.1 Conjurations
 + Level 9.1 Hexes
 + Level 9.1 Summonings
 + Level 9.1 Necromancy
 + Level 9.1 Translocations
 + Level 9.1 Fire Magic
 + Level 11.5 Ice Magic
 + Level 9.1 Air Magic
 + Level 9.1 Earth Magic
 + Level 9.1 Alchemy
 + Level 11.7 Invocations
 + Level 10.8 Evocations
 + Level 9.9 Shapeshifting


You had 24 spell levels left.
You knew the following spells:

 Your Spells              Type           Power      Damage    Failure   Level
a - Olgreb's Toxic Radia  Alch           41%        N/A       1%          4
b - Frozen Ramparts       Ice            98%        1d15      1%          3
c - Summon Ice Beast      Ice/Summ       45%        N/A       1%          3
d - Fugue of the Fallen   Necr           41%        N/A       1%          3

Your spell library contained the following spells:

 Spells                   Type           Power      Damage    Failure   Level
 Apportation              Tloc           82%        N/A       1%          1
 Freeze                   Ice            100%       1d10      1%          1
 Kiss of Death            Conj/Necr      100%       2d13      1%          1
 Magic Dart               Conj           100%       1d8       1%          1
 Necrotise                Necr           100%       1d9       1%          1
 Sting                    Conj/Alch      100%       1d9       1%          1
 Summon Small Mammal      Summ           100%       N/A       1%          1
 Ensorcelled Hibernation  Hex/Ice        90%        N/A       1%          2
 Jinxbite                 Hex            82%        N/A       1%          2
 Mercury Vapours          Alch/Air       82%        N/A       1%          2
 Searing Ray              Conj           82%        2d7       1%          2
 Call Canine Familiar     Summ           41%        N/A       1%          3
 Confusing Touch          Hex            41%        N/A       1%          3
 Hailstorm                Conj/Ice       45%        3d10      1%          3
 Ozocubu's Armour         Ice            49%        N/A       1%          3
 Passwall                 Erth           41%        N/A       1%          3
 Swiftness                Air            41%        N/A       1%          3
 Anguish                  Hex/Necr       20%        N/A       1%          4
 Cause Fear               Hex            20%        N/A       1%          4
 Dispel Undead            Necr           41%        3d16      1%          4
 Fulminant Prism          Conj/Alch      20%        3d12      1%          4
 Leda's Liquefaction      Alch/Erth      20%        N/A       1%          4
 Petrify                  Alch/Erth      41%        N/A       1%          4
 Summon Blazeheart Golem  Fire/Summ      41%        N/A       1%          4
 Metabolic Englaciation   Hex/Ice        22%        N/A       2%          5
 Lee's Rapid Deconstruct  Erth           20%        3d12*     4%          5
 Silence                  Hex/Air        20%        N/A       4%          5
 Yara's Violent Unravell  Hex/Alch       20%        3d9       4%          5
 Permafrost Eruption      Ice/Erth       22%        2x4d6     16%         6
 Sculpt Simulacrum        Ice/Alch       22%        N/A       16%         6
 Conjure Ball Lightning   Conj/Air       20%        3x3d6     26%         6
 Ozocubu's Refrigeration  Ice            24%        4d12      47%         7
 Enfeeble                 Hex            20%        N/A       82%         7
 Manifold Assault         Tloc           20%        N/A       82%         7
 Discord                  Hex            20%        N/A       100%        8
 Chain Lightning          Conj/Air       20%        3d27      100%        9
 Fire Storm               Conj/Fire      20%        8d5       100%        9
 Shatter                  Erth           20%        3d18*     100%        9


Dungeon Overview and Level Annotations

Branches:
Dungeon (14/15)            Temple (1/1) D:4            Lair (5/5) D:9
 Shoals (0/4) Lair:2        Snake (0/4) Lair:3        Slime (0/5) Lair:5
    Orc (2/2) D:9             Elf (0/3) Orc:2        Vaults (0/5) D:14

Altars:
Ashenzari
Cheibriados
Dithmenos
Elyvilon
Fedhas
Gozag
Hepliaklqana
Kikubaaqudgha
Makhleb
Nemelex Xobeh
Okawaru
Qazlal
Ru
Sif Muna
Trog
Uskayaw
Vehumet
Wu Jian
Xom
Yredelemnul
Zin
The Shining One

Shops:
D:3 [   D:4 ?   D:8 [   D:11 [   Orc:2 (*=[   Lair:1 :   Lair:3 (

Annotations:
D:14 3 runed translucent doors, Kirke; Ruich's ghost, adept DjAl


Innate Abilities, Weirdness & Mutations

You are a filthy swine.
You move quickly.
Your equipment is almost entirely melded.
You are incapable of wielding weapons or throwing items.
You cannot cast spells.
((You have very sharp teeth.))
Your uncanny sense of smell can sniff out nearby items.
Your experience applies equally to all skills.


Message History

The hog misses you. Kirke closely misses you.
You bite Kirke!
Kirke is severely wounded.
You kill the hog!
The manticore bites you! The manticore claws you. The manticore claws you!
Kirke hits you! The manticore completely misses you.
The manticore claws you. x2
You bite Kirke!
Kirke is almost dead.
The hog bites you. Kirke gestures at you while chanting.
You feel as though you will be slow longer.
The hog closely misses you. The manticore bites you! The manticore claws you!
The manticore closely misses you.
You closely miss Kirke.
Kirke is almost dead.
The hog misses you. Kirke barely misses you. The manticore closely misses you.
The manticore claws you!
* * * LOW HITPOINT WARNING * * *
The manticore barely misses you.
You hit Kirke.
Kirke is almost dead.
The hog misses you. Kirke hits you!
* * * LOW HITPOINT WARNING * * *
The manticore completely misses you. The manticore closely misses you. x2
The hog misses you.
Unknown command.
Kirke gestures wildly while chanting.
Kirke summons a manticore!
The hog misses you.
You see here 8 gold pieces.
The hog attacks as it pursues you! The hog bites you!
* * * LOW HITPOINT WARNING * * *
Kirke casts a spell.
Kirke summons a manticore!
The manticore is distracted by your dazzling golden aura.
The hog completely misses you.
The manticore flicks its tail.
The volley of spikes skewers you!!
Barbed spikes become lodged in your body.
You die...
Your body crumbles into a pile of gold.

#.........................## #
####.<.................####..# ##
...#....................##..## #.
............##.........###.#####.
............##.........##........
.............)>...<...#####...[..
#........##...........##.........
#........##.#.........##.........
.........##.#...hh..H.##.......#.
.........#..#...............#..#.
.......#.........HH@...##...#....
........#...#.....$.....##.)#.#..
#...#...#...##.........###..[.##.
######..................#.)......
#.................#.....###.
#...##................#..#..
.....................##.....


You could see Kirke (poisoned), 3 manticores and a hog.

Vanquished Creatures
  Frances (D:12)
  Gastronok (D:11)
  Snorg (D:12)
  Josephine (Orc:1)
  2 hydras
  3 catoblepae
  Erica (D:8)
  An ogre mage (D:14)
  A boulder beetle (Lair:4)
  A merfolk avatar (Lair:5)
  A centaur warrior (D:13)
  3 two-headed ogres
  A death yak (Lair:2)
  5 orc high priests (Orc:2)
  5 skysharks
  Sonja (Orc:2)
  Amaemon (D:9)
  A fire crab (shapeshifter) (D:13)
  3 skeletal warriors
  2 obsidian bats (Orc:1)
  7 orc knights
  A deep elf pyromancer (D:14)
  An orc sorcerer (Orc:1)
  Maurice (Orc:2)
  6 manticores
  6 ugly things
  A salamander (Lair:3)
  3 kobold blastminers (Orc:2)
  A cyclops (D:14)
  16 elephants
  7 black mambas
  An orange demon (D:9)
  3 torpor snails
  A gargoyle (D:14)
  13 cane toads
  4 rime drakes
  An efreet (D:14)
  A kobold demonologist (D:10)
  6 komodo dragons
  2 hornets
  A wind drake (Lair:5)
  3 trolls
  7 polar bears
  25 blink frogs
  12 dream sheep
  A snapping turtle (Lair:5)
  2 shadows (D:8)
  46 yaks
  2 vampires
  3 hogs
  8 wraiths
  7 wyverns
  2 basilisks
  2 vampire mosquitoes (D:11)
  A steam dragon (D:8)
  A warg (Orc:1)
  3 nagas (Lair:3)
  2 acid dragons
  23 water moccasins
  29 orc warriors
  2 black bears
  2 ice beasts
  3 sky beasts
  28 wolves
  7 ogres
  4 centaurs
  4 laughing skulls (D:13)
  2 phantoms (D:5)
  4 kobold brigands
  3 scorpions
  12 bullfrogs
  7 wights
  9 killer bees
  4 howler monkeys
  26 orc priests
  5 bombardier beetles
  2 scrub nettles (Lair:3)
  2 sleepcaps (D:6)
  2 iguanas (D:5)
  9 hell rats
  18 orc wizards
  6 adders
  A shadow imp (D:6)
  4 ufetubi
  76 orcs
  5 ball pythons
  6 bats
  6 endoplasms
  2 giant cockroaches (D:1)
  8 hobgoblins
  3 jackals (D:1)
  18 kobolds
  2 quokkas
  3 frilled lizards
  9 goblins
  5 rats
607 creatures vanquished.

Vanquished Creatures (collateral kills)
  3 hydras (Lair:5)
  An ugly thing (D:12)
  2 rime drakes (Lair:5)
  A blink frog (Lair:5)
  A wind drake (Lair:5)
  2 dream sheep (D:8)
  2 yaks
  A basilisk (Lair:5)
  A centaur (D:9)
  A wight (D:9)
  2 killer bees (D:7)
  A hound (D:6)
  An orc priest (Orc:2)
  An orc (Orc:2)
20 creatures vanquished.

Grand Total: 627 creatures vanquished

Notes
Turn   | Place    | Note
-------+----------+-------------------------------------------
     0 | D:1      | 0gre the Gnoll Ice Elementalist began the quest for the
                  | Orb.
     0 | D:1      | Reached XP level 1. HP: 13/13 MP: 6/6
   119 | D:1      | Reached XP level 2. HP: 13/19 MP: 5/7
   371 | D:1      | Reached skill level 5 in Spellcasting
   371 | D:1      | Reached XP level 3. HP: 25/25 MP: 4/9
   451 | D:1      | Learned a level 3 spell: Frozen Ramparts
   651 | D:2      | Reached skill level 1 in Invocations
   803 | D:2      | Reached skill level 1 in Fighting
   803 | D:2      | Reached skill level 1 in Short Blades
   803 | D:2      | Reached skill level 1 in Long Blades
   803 | D:2      | Reached skill level 1 in Axes
   803 | D:2      | Reached skill level 1 in Maces & Flails
   803 | D:2      | Reached skill level 1 in Polearms
   803 | D:2      | Reached skill level 1 in Staves
   803 | D:2      | Reached skill level 1 in Ranged Weapons
   803 | D:2      | Reached skill level 1 in Throwing
   803 | D:2      | Reached skill level 1 in Armour
   803 | D:2      | Reached skill level 1 in Shields
   803 | D:2      | Reached skill level 1 in Unarmed Combat
   803 | D:2      | Reached skill level 1 in Evocations
  1100 | D:3      | Found a white marble altar of Elyvilon.
  1152 | D:3      | Found a blossoming altar of Fedhas.
  1212 | D:3      | Found Mykh's Antique Armour Shop.
  1443 | D:3      | Reached skill level 1 in Shapeshifting
  1443 | D:3      | Reached XP level 4. HP: 31/32 MP: 7/11
  1588 | D:3      | Learned a level 3 spell: Summon Ice Beast
  1832 | D:3      | Found a basalt altar of Yredelemnul.
  2011 | D:3      | Reached skill level 1 in Conjurations
  2011 | D:3      | Reached skill level 1 in Hexes
  2011 | D:3      | Reached skill level 1 in Summonings
  2011 | D:3      | Reached skill level 1 in Necromancy
  2011 | D:3      | Reached skill level 1 in Translocations
  2011 | D:3      | Reached skill level 1 in Fire Magic
  2011 | D:3      | Reached skill level 1 in Air Magic
  2011 | D:3      | Reached skill level 1 in Earth Magic
  2011 | D:3      | Reached skill level 1 in Alchemy
  2148 | D:4      | Reached XP level 5. HP: 26/37 MP: 8/12
  2292 | D:4      | Reached XP level 6. HP: 44/44 MP: 10/14
  2418 | D:4      | Reached skill level 5 in Dodging
  2476 | D:4      | Found Ocekeu's Magic Scroll Boutique.
  2479 | D:4      | Bought a scroll of identify for 26 gold pieces
  2479 | D:4      | Bought a scroll of identify for 26 gold pieces
  2479 | D:4      | Bought a scroll of identify for 26 gold pieces
  2488 | D:4      | Bought a scroll of teleportation for 39 gold pieces
  2521 | D:4      | Found a staircase to the Ecumenical Temple.
  2534 | Temple   | Entered the Ecumenical Temple
  2877 | D:4      | Found an opulent altar of Gozag.
  2897 | D:4      | Became a worshipper of Gozag Ym Sagoz the Greedy
  3043 | D:5      | Entered Level 5 of the Dungeon
  3099 | D:5      | Noticed a black bear
  3106 | D:5      | Killed a black bear
  3107 | D:5      | Reached XP level 7. HP: 51/51 MP: 11/15
  3172 | D:5      | Identified a scroll of acquirement
  3174 | D:5      | Acquired 693 gold pieces
  3273 | D:3      | Bought a pair of embroidered gloves for 172 gold pieces
  3355 | D:4      | Bought 3 scrolls of blinking for 292 gold pieces
  3355 | D:4      | Bought a scroll of revelation for 97 gold pieces
  3355 | D:4      | Bought a scroll of amnesia for 52 gold pieces
  3415 | D:3      | Bought a helmet for 103 gold pieces
  3715 | D:5      | Reached skill level 5 in Stealth
  3815 | D:5      | Reached XP level 8. HP: 58/58 MP: 13/16
  4122 | D:5      | Found a snail-covered altar of Cheibriados.
  5486 | D:7      | Noticed a hornet
  5493 | D:7      | Paralysed by a hornet for 2 turns
  5498 | D:7      | Paralysed by a hornet for 2 turns
  5500 | D:7      | Killed a hornet
  5501 | D:7      | Reached XP level 9. HP: 33/65 MP: 15/18
  6164 | D:7      | Reached skill level 5 in Invocations
  6858 | D:8      | Reached skill level 5 in Fighting
  6858 | D:8      | Reached skill level 5 in Short Blades
  6858 | D:8      | Reached skill level 5 in Long Blades
  6858 | D:8      | Reached skill level 5 in Axes
  6858 | D:8      | Reached skill level 5 in Maces & Flails
  6858 | D:8      | Reached skill level 5 in Polearms
  6858 | D:8      | Reached skill level 5 in Staves
  6858 | D:8      | Reached skill level 5 in Ranged Weapons
  6858 | D:8      | Reached skill level 5 in Throwing
  6858 | D:8      | Reached skill level 5 in Armour
  6858 | D:8      | Reached skill level 5 in Shields
  6858 | D:8      | Reached skill level 5 in Unarmed Combat
  6858 | D:8      | Reached skill level 5 in Evocations
  6858 | D:8      | Reached XP level 10. HP: 66/74 MP: 16/20
  7027 | D:4      | Bought a scroll of acquirement for 676 gold pieces
  7029 | D:4      | Acquired a ring of Elyvilon's Grace {rC+ rN+ Slay+4}
  7164 | D:8      | Found a snail-covered altar of Cheibriados.
  7164 | D:8      | Found Cheibriados's Comfort Zone.
  7450 | D:8      | Noticed Erica
  7457 | D:8      | Killed Erica
  7696 | D:8      | Reached skill level 5 in Shapeshifting
  7720 | D:8      | Found the +5 robe of Night {Dark Will+ SInv}
  7891 | D:9      | Noticed Amaemon
  7906 | D:9      | Noticed an orange demon
  7915 | D:9      | Killed Amaemon
  7921 | D:9      | Killed an orange demon
  7997 | D:9      | Found a staircase to the Lair.
  8011 | D:9      | Reached skill level 5 in Conjurations
  8011 | D:9      | Reached skill level 5 in Hexes
  8011 | D:9      | Reached skill level 5 in Summonings
  8011 | D:9      | Reached skill level 5 in Necromancy
  8011 | D:9      | Reached skill level 5 in Translocations
  8011 | D:9      | Reached skill level 5 in Fire Magic
  8011 | D:9      | Reached skill level 5 in Air Magic
  8011 | D:9      | Reached skill level 5 in Earth Magic
  8011 | D:9      | Reached skill level 5 in Alchemy
  8012 | D:9      | Reached XP level 11. HP: 69/81 MP: 18/22
  8087 | D:9      | Found a staircase to the Orcish Mines.
  8585 | D:9      | Got Seykon's Compilation of Ensorcelling
  8703 | D:9      | Found a hide-covered altar of Uskayaw.
  8721 | D:10     | Entered Level 10 of the Dungeon
  9492 | D:3      | Bought a runed scarf for 184 gold pieces
  9715 | D:11     | Identified the +5 trident of Karma {speed, rCorr Stlth+}
 10146 | D:11     | Noticed Gastronok
 10160 | D:11     | Killed Gastronok
 10518 | D:12     | Noticed a skeletal warrior
 10518 | D:12     | Noticed a skeletal warrior
 10518 | D:12     | Noticed a skeletal warrior
 10570 | Lair:1   | Entered Level 1 of the Lair of Beasts
 10570 | Lair:1   | Noticed a catoblepas
 10588 | Lair:1   | Killed a catoblepas
 10777 | Lair:1   | Reached XP level 12. HP: 91/91 MP: 21/24
 11425 | Lair:2   | Noticed a skyshark
 11798 | Lair:2   | Upgraded the game from 0.32-a0-871-ge202e49faa to
                  | 0.32-a0-872-g59262bdc9b
 11811 | Lair:2   | Found a staircase to the Shoals.
 11987 | Lair:2   | Noticed a death yak
 11995 | Lair:2   | Killed a death yak
 12061 | Lair:2   | Noticed a skyshark
 12071 | Lair:2   | Killed a skyshark
 12072 | Lair:2   | Reached XP level 13. HP: 57/98 MP: 20/26
 12364 | Lair:2   | Reached skill level 10 in Ice Magic
 13221 | Lair:3   | Found a staircase to the Snake Pit.
 13235 | Lair:3   | Reached skill level 10 in Spellcasting
 13782 | Lair:3   | Bought a +2 arbalest of freezing for 321 gold pieces
 13797 | Lair:4   | Reached skill level 10 in Dodging
 13928 | Lair:4   | Identified the +0 pair of gloves "Udubihygo" {rC+ Str+2}
 14155 | Lair:4   | Reached skill level 10 in Stealth
 14434 | Lair:4   | Reached XP level 14. HP: 108/108 MP: 25/28
 14686 | Lair:5   | Entered Level 5 of the Lair of Beasts
 14710 | Lair:5   | Reached skill level 10 in Invocations
 15105 | Lair:5   | Found a staircase to the Slime Pits.
 15161 | Lair:5   | Got the Directory of the Storm
 15264 | Lair:1   | Bought the Unrestrained Analects for 704 gold pieces
 15269 | Lair:1   | Learned a level 4 spell: Olgreb's Toxic Radiance
 15526 | Lair:5   | Identified the +5 spear of Karma {flame, rPois rN+ Dex+4}
 16031 | Lair:5   | Learned a level 3 spell: Fugue of the Fallen
 16150 | Orc:1    | Entered Level 1 of the Orcish Mines
 16166 | Orc:1    | Reached skill level 10 in Fighting
 16166 | Orc:1    | Reached skill level 10 in Short Blades
 16166 | Orc:1    | Reached skill level 10 in Long Blades
 16166 | Orc:1    | Reached skill level 10 in Axes
 16166 | Orc:1    | Reached skill level 10 in Maces & Flails
 16166 | Orc:1    | Reached skill level 10 in Polearms
 16166 | Orc:1    | Reached skill level 10 in Staves
 16166 | Orc:1    | Reached skill level 10 in Ranged Weapons
 16166 | Orc:1    | Reached skill level 10 in Throwing
 16166 | Orc:1    | Reached skill level 10 in Armour
 16166 | Orc:1    | Reached skill level 10 in Shields
 16166 | Orc:1    | Reached skill level 10 in Unarmed Combat
 16166 | Orc:1    | Reached skill level 10 in Evocations
 16488 | Orc:1    | Noticed Josephine
 16493 | Orc:1    | Killed Josephine
 16494 | Orc:1    | Reached XP level 15. HP: 107/115 MP: 24/30
 16613 | Orc:2    | Entered Level 2 of the Orcish Mines
 16725 | Orc:2    | Found a staircase to the Elven Halls.
 17154 | Orc:2    | Noticed Sonja
 17165 | Orc:2    | Killed Sonja
 17202 | Orc:2    | Noticed Maurice
 17241 | Orc:2    | Killed Maurice
 17780 | Orc:2    | Found Hyexeu's Antique Weapon Shoppe.
 17780 | Orc:2    | Found Kejapn's General Store.
 17781 | Orc:2    | Found Doususua's Jewellery Emporium.
 17781 | Orc:2    | Found Reitiquj's Armour Shoppe.
 17812 | Orc:2    | Bought a scroll of teleportation for 39 gold pieces
 17812 | Orc:2    | Bought a scroll of identify for 26 gold pieces
 17819 | Orc:2    | Bought a smoking orcbow for 263 gold pieces
 17819 | Orc:2    | Identified the +6 orcbow of Zumosoz {freeze, ^Contam Fly
                  | rF+++ rCorr} (You bought it in a shop on level 2 of the
                  | Orcish Mines)
 17911 | Orc:2    | Bought the ring "Oraocsib" {Int+3 Dex+3 SInv} for 553 gold
                  | pieces
 18034 | D:11     | Bought a +0 helmet of intelligence for 149 gold pieces
 18049 | D:11     | Bought a +1 pair of boots of stealth for 214 gold pieces
 18060 | D:11     | Upgraded the game from 0.32-a0-872-g59262bdc9b to
                  | 0.32-a0-876-gcfddb08e57
 18149 | D:12     | Noticed Frances
 18162 | D:12     | Killed Frances
 18823 | D:12     | Noticed Snorg
 18831 | D:12     | Killed Snorg
 19477 | D:14     | Found a runed translucent gate.
 19477 | D:14     | Found a runed translucent gate.
 19478 | D:14     | Found a runed translucent gate.
 19483 | D:14     | Noticed Ruich's ghost (adept DjAl)
 19534 | D:14     | Found a gate to the Vaults.
 19544 | D:14     | Noticed Kirke
 19773 | D:14     | Killed from afar by a manticore

Illustrated notes

Levels and vault maps discovered:
D:1:      dpeg_arrival_rooms_b, layout_basic, supply_closet_lemuel
D:2:      layout_rooms, minmay_tromino_v4_c
D:3:      layout_loops_corners, kennysheep_ying_yang,
          mainiacjoe_overflow_24_doors, serial_shops, nicolae_lakefront_shop,
          minmay_misc_feat_tiny, saegor_snake_ambush
D:4:      layout_basic, mainiacjoe_overflow_boulevard, minmay_temple_entry_tees,
          serial_shops, nicolae_shop_rolled_up
D:5:      layout_loops_ring, old_standard_altar, serial_library,
          serial_library_hellmonk_semicircle, serial_library_hellmonk_junction,
          serial_library_regret_index_multi, serial_library_hellmonk_room_b,
          serial_library_hellmonk_open_square, serial_library_hellmonk_h_bend,
          serial_library_hellmonk_recessed_alcove,
          serial_library_hellmonk_h_bend, serial_library_hellmonk_small_alcove,
          serial_library_hellmonk_double_dead_end, hangedman_decor_points,
          kennysheep_generic_room_6
D:6:      layout_cave_pods
D:7:      layout_cave_pods
D:8:      nicolae_hitomezashi [nicolae_hito_row, nicolae_hito_row,
          nicolae_hito_row, nicolae_hito_row, nicolae_hito_row,
          nicolae_hito_row, nicolae_hito_row, nicolae_hito_row,
          nicolae_hito_row, nicolae_hito_row, nicolae_hito_row,
          nicolae_hito_row, nicolae_hito_row, nicolae_hito_row,
          nicolae_hito_row, nicolae_hito_row, nicolae_hito_row,
          nicolae_hito_row], layout_basic, minmay_shop_chei,
          hellmonk_guarded_unrand_night, uniq_erica
D:9:      layout_basic, lemuel_round_altar, minmay_lair_entry_grove,
          orc_0_dummy, minivault_26, uniq_amaemon
D:10:     layout_roguey
D:11:     layout_irregular_city, nrook_loot_triangle, minivault_10,
          uniq_gastronok
D:12:     layout_gridville, gauntlet_entry_generic, kennysheep_generic_room_7,
          uniq_snorg, uniq_frances
D:13:     layout_gridville
D:14:     layout_cave_pools, david_vaults_2, gammafunk_ghost_spectres,
          uniq_kirke
Temple:   kb_temple_of_zot
Lair:1:   layout_hall_layers, chequers_serial_rivers_micro_b
Lair:2:   layout_layer_cave, minmay_shoals_entry_beasts, grunt_megastairs_5
Lair:3:   layout_cave_shapes, alex1729_snake_entry_snake, evilmike_ambush
          [evilmike_ambush_outer_pillars, evilmike_ambush_inner_basic]
Lair:4:   layout_gridlike, lemuel_fruit_tree
Lair:5:   gammafunk_lair_ancient_temple, layout_loops_ring, slime_entry_1
Orc:1:    layout_diamond_mine, uniq_josephine
Orc:2:    st_orc_pillars, layout_caves, uniq_maurice, uniq_sonja

Skill      XL: |  1  2  3  4  5  6  7  8  9 10 11 12 13 14 15 |
---------------+----------------------------------------------+-----
Spellcasting   | 5 6 7 8 9 10 11 | 11.8
Invocations    | 1 2 3 4 5 6 7 8 9 10 11 | 11.7
Fighting       | 1 2 3 4 5 6 7 8 9 10 | 10.8
Short Blades   | 1 2 3 4 5 6 7 8 9 10 | 10.8
Long Blades    | 1 2 3 4 5 6 7 8 9 10 | 10.8
Axes           | 1 2 3 4 5 6 7 8 9 10 | 10.8
Maces & Flails | 1 2 3 4 5 6 7 8 9 10 | 10.8
Polearms       | 1 2 3 4 5 6 7 8 9 10 | 10.8
Staves         | 1 2 3 4 5 6 7 8 9 10 | 10.8
Ranged Weapons | 1 2 3 4 5 6 7 8 9 10 | 10.8
Throwing       | 1 2 3 4 5 6 7 8 9 10 | 10.8
Armour         | 1 2 3 4 5 6 7 8 9 10 | 10.8
Shields        | 1 2 3 4 5 6 7 8 9 10 | 10.8
Unarmed Combat | 1 2 3 4 5 6 7 8 9 10 | 10.8
Evocations     | 1 2 3 4 5 6 7 8 9 10 | 10.8
Shapeshifting  | 1 2 3 4 5 6 7 8 9 |  9.9
Conjurations   | 1 2 3 4 5 6 7 8 9 |  9.1
Hexes          | 1 2 3 4 5 6 7 8 9 |  9.1
Summonings     | 1 2 3 4 5 6 7 8 9 |  9.1
Necromancy     | 1 2 3 4 5 6 7 8 9 |  9.1
Translocations | 1 2 3 4 5 6 7 8 9 |  9.1
Fire Magic     | 1 2 3 4 5 6 7 8 9 |  9.1
Air Magic      | 1 2 3 4 5 6 7 8 9 |  9.1
Earth Magic    | 1 2 3 4 5 6 7 8 9 |  9.1
Alchemy        | 1 2 3 4 5 6 7 8 9 |  9.1
Dodging        | 5 6 7 8 9 10 11 | 11.7
Stealth        | 5 6 7 8 9 10 11 | 11.5
Ice Magic      | 8 9 10 11 | 11.5

Action                     |  1- 3 |  4- 6 |  7- 9 | 10-12 | 13-15 || total
---------------------------+-------+-------+-------+-------+-------++-------
  Melee: Whip              |    52 |       |       |       |       ||    52
         Bite              |     5 |     1 |    26 |    33 |    64 ||   129
         Short sword       |    21 |    19 |       |       |       ||    40
         Falchion          |       |    16 |   162 |       |       ||   178
         Dire flail        |       |       |    29 |     6 |       ||    35
         Scimitar          |       |       |       |    52 |       ||    52
         Great sword       |       |       |       |   205 |   454 ||   659
         Trident           |       |       |       |       |    13 ||    13
         Unarmed           |       |       |       |       |    16 ||    16
   Fire: Sling             |    12 |    43 |    69 |       |       ||   124
         Shortbow          |       |       |    14 |   117 |    57 ||   188
         Arbalest          |       |       |       |       |   187 ||   187
  Throw: Boomerang         |       |     1 |     2 |     4 |    21 ||    28
         Dart              |       |       |     4 |     6 |     1 ||    11
         Throwing net      |       |       |       |       |     1 ||     1
   Cast: Freeze            |    14 |     1 |       |       |       ||    15
         Frozen Ramparts   |     2 |    12 |    37 |    41 |    72 ||   164
         Summon Ice Beast  |       |       |     7 |    14 |    15 ||    36
         Olgreb's Toxic Ra |       |       |       |       |    14 ||    14
         Fugue of the Fall |       |       |       |       |     4 ||     4
 Invoke: Call Merchant     |       |       |       |     1 |     2 ||     3
  Evoke: Wand              |       |     2 |     2 |    13 |    23 ||    40
    Use: Scroll            |       |     6 |     6 |    12 |    13 ||    37
         Potion            |       |       |       |     1 |     5 ||     6
   Stab: Sleeping          |     2 |       |       |     3 |     2 ||     7
         Distracted        |       |       |     1 |     4 |     6 ||    11
 Armour: Robe              |    48 |    14 |   127 |   175 |   349 ||   713
         Skin              |       |       |       |       |    32 ||    32
  Dodge: Dodged            |    43 |    23 |   174 |   332 |   612 ||  1184

Table legend: (Time is in decaauts)
 A = Elapsed time spent in this place.
 B = Non-inter-level travel time spent in this place.
 C = Inter-level travel time spent in this place.
 D = Time resting spent in this place.
 E = Time spent auto-exploring this place.
 F = Levels seen in this place.
 G = Mean time per level.
                   A        B        C        D        E       F      G
               +--------+--------+--------+--------+--------+-----+--------+
         Total |  20014 |  18069 |   1945 |    452 |  10242 |  22 |  909.7 |
       Dungeon |  12437 |  11075 |   1362 |    241 |   6961 |  14 |  888.4 |
        Temple |      1 |      1 |      0 |      0 |      0 |   1 |    1.0 |
          Lair |   5692 |   5308 |    384 |    173 |   3045 |   5 | 1138.4 |
  Orcish Mines |   1882 |   1684 |    198 |     38 |    236 |   2 |  941.0 |
               +--------+--------+--------+--------+--------+-----+--------+

Top non-repeatable levels by time:
  Lair:2: 1717 daAuts
   Orc:2: 1396 daAuts
  Lair:5: 1368 daAuts
     D:5: 1306 daAuts
     D:4: 1266 daAuts
     D:7: 1243 daAuts
     D:3: 1242 daAuts
     D:6: 1039 daAuts
    D:11: 1028 daAuts
     D:9: 1000 daAuts
     D:8: 991 daAuts
  Lair:4: 943 daAuts
  Lair:1: 942 daAuts
    D:12: 871 daAuts
  Lair:3: 721 daAuts
